 Seeded DCSS version 0.29-a0-892-g2c4c91d9db (webtiles) character file.

Game seed: 20220722 (custom seed)

5868 muata the Fighter (level 10, -1/101 (102) HPs)
             Began as a Minotaur Berserker on July 22, 2022.
             Was a Priest of Trog.
             Slain by a boulder beetle (8 damage)
             ... on level 8 of the Dungeon.
             The game lasted 00:21:04 (8097 turns).

muata the Fighter (Minotaur Berserker)              Turns: 8097, Time: 00:21:06

HP:   -1/101 (102)  AC: 13    Str: 25    XL:     10   Next: 52%
MP:   5/9           EV:  9    Int:  4    God:    Trog [***...]
Gold: 488           SH:  0    Dex: 11    Spells: 9/9 levels left

rFire   . . .      SeeInvis .   G - +1 dire flail (drain)
rCold   . . .      Faith    .   (shield currently unavailable)
rNeg    . . .      Spirit   .   c - +0 chain mail
rPois   .          Reflect  .   (helmet restricted)
rElec   .          Harm     .   H - +0 cloak
rCorr   .          Rampage  .   (no gloves)
Will    .....                   (no boots)
Stlth   ..........              (no amulet)
HPRegen 0.26/turn               (no ring)
MPRegen 0.11/turn               (no ring)

@: lethally poisoned (-1 -> -3), on berserk cooldown, slowed, lightly drained,
very slow
A: horns 2, retaliatory headbutt
a: Renounce Religion, Berserk, Trog's Hand


You were on level 8 of the Dungeon.
You worshipped Trog.
Trog was most pleased with you.
You visited 1 branch of the dungeon, and saw 10 of its levels.

You collected 488 gold pieces.

Inventory:

Hand Weapons
 b - a +0 vorpal quarterstaff
 i - a +3 spectral club
 G - a +1 dire flail of draining (weapon)
Missiles
 s - 6 poisoned darts (quivered)
 v - a throwing net
Armour
 c - a +0 chain mail (worn)
 H - a +0 cloak (worn)
Jewellery
 F - an amulet of magic regeneration
Wands
 n - a wand of polymorph (6)
 o - a wand of roots (15)
 r - a wand of flame (8)
 y - a wand of charming (6)
Scrolls
 d - 2 scrolls of enchant weapon {unknown}
 e - a scroll of enchant armour {unknown}
 g - 2 scrolls of fear {unknown}
 h - 2 scrolls of poison {unknown}
 j - a scroll of acquirement {unknown}
 p - a scroll of noise {unknown}
 q - 6 scrolls of identify {unknown}
 u - 2 scrolls of immolation {unknown}
 x - 4 scrolls of amnesia {unknown}
 E - 2 scrolls of blinking {unknown}
 I - a scroll of teleportation {unknown}
 J - a scroll of vulnerability {unknown}
 K - a scroll of brand weapon {unknown}
Potions
 a - a potion of lignification {unknown}
 f - 2 potions of attraction {unknown}
 k - a potion of cancellation {unknown}
 l - 4 potions of magic {unknown}
 m - 4 potions of heal wounds {unknown}
 t - a potion of flight {unknown}
 w - 2 potions of haste {unknown}
 z - a potion of degeneration {unknown}
 A - 2 potions of curing {unknown}
 B - a potion of ambrosia {unknown}
 C - a potion of mutation {unknown}
 D - a potion of might {unknown}


   Skills:
 + Level 13.7 Fighting
 - Level 8.7 Axes
 + Level 11.2 Armour
 - Level 2.1 Dodging


You had 9 spell levels left.
You didn't know any spells.
Your spell library was empty.

Dungeon Overview and Level Annotations

Branches:
Dungeon (10/15)            Temple (0/1) D:6
   Lair: D:8-11         Orc: D:9-12

Altars:
Dithmenos
Elyvilon
Fedhas
Kikubaaqudgha
Qazlal
Ru
Uskayaw
Vehumet
Wu Jian
Xom
Zin

Annotations:
D:7 2 runed translucent doors
D:8 Psyche
D:9 2 runed translucent doors, Erolcha; tatocazan's ghost, novice OpBr


Innate Abilities, Weirdness & Mutations

You have a pair of horns on your head.
You reflexively headbutt those who attack you in melee.


Message History

The boulder beetle barely misses you. You furiously retaliate!
You headbutt the boulder beetle, but do no damage.
The boulder beetle stops rolling and uncurls.
Psyche gestures wildly while chanting.
A swirling arc of seething chaos appears!
The arc of chaos hits you but does no damage.
The boulder beetle bites you!!
You puncture the boulder beetle!
You headbutt the boulder beetle, but do no damage.
The boulder beetle is moderately wounded.
Psyche hits you with a +2 dagger of chaos!
You feel your power leaking away.
The boulder beetle bites you but does no damage.
Psyche hits you but does no damage.
You hit the boulder beetle but do no damage.
You drain the boulder beetle. You headbutt the boulder beetle.
The boulder beetle is moderately wounded.
Psyche hits you but does no damage.
The boulder beetle bites you but does no damage.
Psyche hits you with a +2 dagger of chaos.
Psyche burns you. The boulder beetle bites you!
* * * LOW HITPOINT WARNING * * *
You impale the boulder beetle!! You drain the boulder beetle.
The boulder beetle is heavily wounded.
Psyche gestures wildly while chanting.
A swirling arc of seething chaos appears!
The arc of chaos hits the gargoyle.
The gargoyle resists.
The arc of chaos hits you.
You are poisoned.
* * * LOW HITPOINT WARNING * * *
The boulder beetle barely misses you.
Psyche hits you with a +2 dagger of chaos.
* * * LOW HITPOINT WARNING * * *
You sock the boulder beetle!
The boulder beetle is almost dead.
You feel sick.
Psyche hits you with a +2 dagger of chaos.
* * * LOW HITPOINT WARNING * * *
The boulder beetle bites you!
You die...

.....#.............
.....##.##.........
#.... ####.........
#... #......... . ##.
#......... .
###.......# .
###.........# .
###....#.......
..#####@@9..#######..#
#.......B....# ....
....#####†......# #...
..###..B........# #..
..#......####.....
#..#
.##.........##....
.#...###.....#..#.
.#...#...##..#...
.#...#.:..#..#..


You could see 2 boulder beetles, Psyche and a gargoyle.

Vanquished Creatures
  Pikel (D:8)
  Maurice (D:9)
  A troll (D:8)
  Sigmund (D:2)
  10 yaks
  Grum (D:8)
  A steam dragon (D:8)
  Menkaure (D:5)
  Edmund (D:6)
  3 water moccasins
  A sky beast (D:7)
  2 ice beasts
  2 black bears
  An orc warrior (D:8)
  3 ogres
  2 wolves (D:8)
  2 centaurs
  2 bullfrogs
  A necrophage (D:5)
  A scorpion (D:4)
  A wight (D:8)
  4 killer bees (D:10)
  An electric eel (D:7)
  2 howler monkeys (D:7)
  An orc priest (D:3)
  4 hounds
  Crazy Yiuf (D:6)
  A gnoll bouda (D:4)
  Jessica (D:2)
  An iguana (D:4)
  Natasha (thrice) (D:2)
  An orc wizard (D:3)
  16 gnolls
  10 adders
  2 shadow imps
  3 white imps
  2 ufetubi
  2 worms
  2 dart slugs
  14 orcs
  6 ball pythons
  2 bats
  5 endoplasms
  A giant cockroach (D:3)
  8 goblins
  12 hobgoblins
  8 jackals
  8 kobolds
  5 quokkas
  5 frilled lizards
  7 rats
177 creatures vanquished.

Vanquished Creatures (others)
  3 fungi
  2 plants (D:3)
5 creatures vanquished.

Grand Total: 182 creatures vanquished

Notes
Turn   | Place    | Note
-------+----------+-------------------------------------------
     0 | D:1      | muata the Minotaur Berserker began the quest for the Orb.
     0 | D:1      | Reached XP level 1. HP: 19/19 MP: 0/0
   253 | D:1      | Reached skill level 4 in Fighting
   254 | D:1      | Reached XP level 2. HP: 27/27 MP: 1/1
   886 | D:2      | Reached XP level 3. HP: 34/34 MP: 2/2
   936 | D:2      | Noticed Jessica
   940 | D:2      | Killed Jessica
  1082 | D:2      | Reached XP level 4. HP: 41/41 MP: 3/3
  1084 | D:2      | Reached ** piety under Trog
  1088 | D:2      | Found a faded altar of an unknown god.
  1333 | D:2      | Reached skill level 5 in Axes
  1334 | D:2      | Reached skill level 5 in Fighting
  1516 | D:2      | Noticed Natasha
  1521 | D:2      | Killed Natasha
  1606 | D:2      | Noticed Sigmund
  1615 | D:2      | Killed Sigmund
  1616 | D:2      | Reached skill level 6 in Fighting
  1616 | D:2      | Reached XP level 5. HP: 44/50 MP: 4/4
  1616 | D:2      | Reached XP level 6. HP: 50/57 MP: 5/5
  1685 | D:2      | Noticed Natasha
  1691 | D:2      | Killed Natasha
  1838 | D:2      | Noticed Natasha
  1849 | D:2      | Killed Natasha
  2291 | D:3      | Found a blossoming altar of Fedhas.
  2295 | D:3      | Found a stormy altar of Qazlal.
  2577 | D:3      | Reached skill level 7 in Fighting
  3121 | D:4      | Found a shimmering altar of Xom.
  3140 | D:4      | Reached *** piety under Trog
  3176 | D:4      | Reached XP level 7. HP: 45/66 MP: 6/6
  3754 | D:4      | Reached skill level 8 in Fighting
  4089 | D:5      | Entered Level 5 of the Dungeon
  4155 | D:5      | Reached XP level 8. HP: 75/75 MP: 7/7
  4195 | D:5      | Noticed Menkaure
  4201 | D:5      | Killed Menkaure
  4202 | D:5      | Reached skill level 9 in Fighting
  4520 | D:5      | Found a glowing silver altar of Zin.
  4722 | D:5      | Found a sacrificial altar of Ru.
  5088 | D:6      | Reached skill level 5 in Armour
  5099 | D:6      | Found an ancient bone altar of Kikubaaqudgha.
  5112 | D:6      | Reached skill level 10 in Fighting
  5175 | D:6      | Found a staircase to the Ecumenical Temple.
  5386 | D:6      | Noticed Edmund
  5572 | D:6      | Found a hide-covered altar of Uskayaw.
  5628 | D:6      | Killed Edmund
  5629 | D:6      | Reached XP level 9. HP: 86/86 MP: 8/8
  5784 | D:6      | Found a runed translucent door.
  5785 | D:6      | Noticed Crazy Yiuf
  5884 | D:6      | Killed Crazy Yiuf
  6061 | D:7      | Found a large runed translucent door.
  6061 | D:7      | Found a large runed translucent door.
  6066 | D:7      | Noticed a seven-headed hydra
  6281 | D:7      | Reached skill level 11 in Fighting
  6324 | D:7      | Found a white marble altar of Elyvilon.
  6410 | D:7      | Found an ornate altar of the Wu Jian Council.
  6787 | D:7      | You fall into a shaft and drop 3 floors!
  6787 | D:10     | Entered Level 10 of the Dungeon
  6894 | D:9      | Found a large runed translucent door.
  6894 | D:9      | Found a large runed translucent door.
  6909 | D:9      | Noticed tatocazan's ghost (novice OpBr)
  6917 | D:8      | Noticed Grum
  6992 | D:9      | Noticed Maurice
  7001 | D:9      | Killed Maurice
  7079 | D:9      | Reached skill level 12 in Fighting
  7339 | D:9      | Noticed Erolcha
  7354 | D:8      | Noticed Pikel
  7359 | D:8      | Killed Pikel
  7360 | D:8      | Reached XP level 10. HP: 76/100 MP: 9/9
  7366 | D:8      | Reached skill level 10 in Armour
  7451 | D:8      | Killed Grum
  7452 | D:8      | Reached skill level 13 in Fighting
  7719 | D:8      | Found a radiant altar of Vehumet.
  7895 | D:8      | Found a shadowy altar of Dithmenos.
  8077 | D:8      | Noticed a boulder beetle
  8080 | D:8      | Noticed a gargoyle
  8081 | D:8      | Noticed Psyche
  8093 | D:8      | Noticed a boulder beetle
  8097 | D:8      | Slain by a boulder beetle

Illustrated notes

Levels and vault maps discovered:
D:1:      matt_arrival_spirals, layout_loops_ring, nrook_campfire,
          wad_floor_pattern_1
D:2:      layout_basic, basic_ecumenical_altar, nrook_mini_backslash,
          uniq_sigmund, uniq_jessica, uniq_natasha
D:3:      layout_basic, grunt_temple_overflow_forces_of_nature,
          kennysheep_generic_room_12
D:4:      layout_rooms, mainiacjoe_overflow_concentric_impassable,
          nicolae_eternal_life, minmay_misc_feat_doors
D:5:      layout_gridville, old_standard_altar, zin_academy, uniq_menkaure
D:6:      layout_rooms, mainiacjoe_overflow_chevrons,
          mainiacjoe_overflow_24_doors, minmay_temple_entry_tees, uniq_edmund,
          uniq_crazy_yiuf_cottage
D:7:      layout_basic, kennysheep_little_box, nicolae_elyvilon_temple_path,
          minmay_hollow_rounded_squares
D:8:      layout_cave_pools, slow_altar_2,
          nicolae_hepliaklqana_monster_ancestors, amcnicky_altar_gilded,
          lemuel_tele_altar, minmay_radiant, uniq_psyche, uniq_pikel, uniq_grum
D:9:      layout_roguey, ebering_ghost_disaster_area, uniq_maurice,
          uniq_erolcha, uniq_prince_ribbit1
D:10:     kennysheep_kobold_lugonu_temple, layout_small_grid,
          ebering_ghost_funeral_grove, feat_on_display

Skill      XL: |  1  2  3  4  5  6  7  8  9 10 |
---------------+-------------------------------+-----
Fighting       | 4 6 7 8 10 12 13 | 13.7
Axes           | 4 6 7 8 |  8.7
Armour         | 6 9 11 | 11.2
Dodging        | |  2.1

Action                   |  1- 3 |  4- 6 |  7- 9 | 10-12 || total
-------------------------+-------+-------+-------+-------++-------
Melee: Hand axe          |    21 |       |       |       ||    21
       Headbutt          |     4 |    18 |    27 |     9 ||    58
       Quarterstaff      |    16 |       |    41 |       ||    57
       Club              |     7 |   108 |    71 |       ||   186
       Punch             |       |       |     3 |       ||     3
       Dire flail        |       |       |    71 |    63 ||   134
Invok: Berserk           |     1 |     2 |     9 |     3 ||    15
       Trog's Hand       |       |       |     2 |       ||     2
Armor: Chain mail        |    11 |    44 |    91 |    40 ||   186
       Animal skin       |     1 |       |       |       ||     1
Dodge: Dodged            |    26 |    36 |    84 |    30 ||   176

Table legend: (Time is in decaauts)
 A = Elapsed time spent in this place.
 B = Non-inter-level travel time spent in this place.
 C = Inter-level travel time spent in this place.
 D = Time resting spent in this place.
 E = Time spent auto-exploring this place.
 F = Levels seen in this place.
 G = Mean time per level.
                   A        B        C        D        E       F      G
               +--------+--------+--------+--------+--------+-----+--------+
         Total |   8270 |   7967 |    303 |   1697 |   4801 |  10 |  827.0 |
       Dungeon |   8270 |   7967 |    303 |   1697 |   4801 |  10 |  827.0 |
               +--------+--------+--------+--------+--------+-----+--------+

Top non-repeatable levels by time:
     D:2: 1197 daAuts
     D:3: 1087 daAuts
     D:6: 1034 daAuts
     D:4: 986 daAuts
     D:1: 894 daAuts
     D:5: 891 daAuts
     D:7: 814 daAuts
     D:8: 772 daAuts
     D:9: 486 daAuts
    D:10: 106 daAuts
